 Dungeon Sprint DCSS version 0.29-a0-369-gd956c00756 (webtiles) character file.

Game seed: 13308348421895878713

9991 mhtbhm the Executioner (level 11, -8/119 HPs)
             Began as a Minotaur Berserker on May 1, 2022.
             Was the Champion of Trog.
             Succumbed to something's dark miasma
             ... in the Dungeon (Sprint III: "The Ten Rune Challenge").
             The game lasted 00:05:05 (2908 turns).

mhtbhm the Executioner (Minotaur Berserker)         Turns: 2908, Time: 00:05:06

Health: -8/119     AC:  7    Str: 26    XL:     11   Next: 30%
Magic:  10/10      EV: 15    Int:  4    God:    Trog [******]
Gold:   60         SH:  0    Dex: 10    Spells: 10/10 levels left

rFire   . . .      SeeInvis .   o - +1 executioner's axe (flame)
rCold   . . .      Faith    .   (shield currently unavailable)
rNeg    . . .      Spirit   .   b - +0 ring mail
rPois   .          Reflect  .   (helmet restricted)
rElec   .          Harm     .   (no cloak)
rCorr   .          Rampage  .   (no gloves)
Will    +....      NoTele   +   (no boots)
Stlth   ++........              (no amulet)
HPRegen 0.29/turn               (no ring)
MPRegen 0.12/turn               (no ring)

@: lethally poisoned (-8 -> -94), on berserk cooldown, slowed, very slow
A: horns 2, retaliatory headbutt, strong-willed 1, subdued magic 1
a: Renounce Religion, Berserk, Trog's Hand, Brothers in Arms


You were in the Dungeon.
You worshipped Trog.
Trog was exalted by your worship.
You visited 1 branch You collected 60 gold pieces.

Inventory:

Hand Weapons
 a - a +4 vorpal executioner's axe
 o - a +1 executioner's axe of flaming (weapon)
Armour
 b - a +0 ring mail (worn)
Scrolls
 h - a scroll of blinking
 j - 4 scrolls of immolation
 k - a scroll of identify
 m - 2 scrolls of torment
Potions
 c - a potion of curing
 d - a potion of heal wounds
 e - a potion of haste
 f - 2 potions of magic
 g - a potion of berserk rage
 i - 9 potions of mutation
 l - 4 potions of flight
 p - a potion of degeneration {unknown}
Miscellaneous
 n - a phantom mirror


   Skills:
 + Level 18.0 Fighting
 + Level 22.0 Axes
 + Level 1.0 Throwing
 + Level 11.1 Armour
 + Level 11.6 Dodging
 + Level 4.4 Stealth
 + Level 0.9 Evocations


You had 10 spell levels left.
You didn't know any spells.
Your spell library was empty.

Dungeon Overview and Level Annotations

Branches:
Dungeon (1/1)

Altars:
Cheibriados
Dithmenos
Elyvilon
Fedhas
Gozag
Hepliaklqana
Kikubaaqudgha
Makhleb
Nemelex Xobeh
Okawaru
Qazlal
Ru
Sif Muna
Trog
Uskayaw
Vehumet
Wu Jian
Xom
Yredelemnul
Zin
The Shining One
Beogh
Jiyva
Lugonu


Innate Abilities, Weirdness & Mutations

You have a pair of horns on your head.
You reflexively headbutt those who attack you in melee.
You are strong-willed. (Will+)
Your spells are a little easier to cast, but a little less powerful.


Message History

You slice one of the four-headed hydra's heads off!
The flame cauterises the wound!
You slice the three-headed hydra!! You burn the three-headed hydra.
You kill the three-headed hydra!
Trog accepts your kill.
You barely miss the death drake.
Your Fighting skill increases to level 18!
Your Axes skill increases to level 22!
Your Throwing skill increases to level 1!
You slice the death drake!! You burn the death drake!
Your headbutt misses the death drake.
The death drake is heavily wounded.
The death drake barely misses you. You furiously retaliate!
You headbutt the death drake! You barely miss the death drake.
The death drake is heavily wounded.
The death drake breathes miasma at you. The foul vapour engulfs you!
You are poisoned.
You feel yourself slow down.
Unknown command.
You slash the death drake! You burn the death drake!
The death drake is almost dead.
You are engulfed in dark miasma.
You are lethally poisoned!
You are no longer berserk.
You are exhausted.
You feel as though you will be slow longer.
* * * LOW HITPOINT WARNING * * *
You feel extremely sick.
The electric eel is engulfed in dark miasma.
The electric eel is poisoned.
The electric eel seems to slow down.
The electric eel dies!
You hear a splash.
The death drake bites you but does no damage.
Unknown command.
You are engulfed in dark miasma.
You are more poisoned.
* * * LOW HITPOINT WARNING * * *
You die...

♣.....♣♣♣♣≈≈≈........)≈≈...##.#.
♣.≈≈≈≈'♣♣÷♣≈≈≈≈≈≈≈≈≈≈≈≈♣♣P.'.#.#
+..†..#.≈♣♣♣♣♣♣♣♣♣♣♣♣♣♣♣♣PP##.#.
♣♣♣♣♣♣#.)♣♣ ♣♣♣# +##
###†♣♣♣♣♣♣♣♣♣♣♣♣♣♣♣
♣♣♣♣.##..##≈≈°≈≈≈..#
♣.†.##.##.#°°°≈≈...#
♣♣.##.##†##°°≈≈≈≈###
♣..#†##.°@#k≈......
♣♣.##.##.)#°.(+####
♣♣†##.#####...# ♣.....# ..(.#
####### #####


There were no monsters in sight!

Vanquished Creatures
  2 hydras (D)
  Erica (D)
  A centaur warrior (D)
  Urug (D)
  A lindwurm (D)
  2 deep elf pyromancers (D)
  2 cane toads (D)
  A rime drake (D)
  A komodo dragon (D)
  An unseen horror (D)
  A queen bee (D)
  2 tyrant leeches (D)
  A shadow (D)
  3 redbacks (D)
  A spatial vortex (D)
  3 wandering mushrooms (D)
  A swamp drake (D)
  2 centaurs (D)
  An earth elemental (D)
  2 water elementals (D)
  2 necrophages (D)
  2 scorpions (D)
  32 killer bees (D)
  A jelly (D)
  A wizard (D)
  Jessica (twice) (D)
  2 necromancers (D)
  6 humans (D)
  A kobold demonologist (D)
  4 endoplasms (D)
  2 rats (D)
85 creatures vanquished.

Vanquished Creatures (others)
  An electric eel (D)
1 creature vanquished.

Grand Total: 86 creatures vanquished

Notes
Turn   | Place    | Note
-------+----------+-------------------------------------------
     0 | D        | mhtbhm the Minotaur Berserker began the quest for the Orb.
     0 | D        | Reached XP level 1. HP: 19/19 MP: 0/0
    12 | D        | Reached skill level 4 in Axes
   113 | D        | Noticed Jessica
   118 | D        | Killed Jessica
   118 | D        | Reached ** piety under Trog
   119 | D        | Reached skill level 5 in Fighting
   119 | D        | Reached skill level 5 in Axes
   119 | D        | Reached XP level 2. HP: 17/30 MP: 1/1
   119 | D        | Reached XP level 3. HP: 21/37 MP: 2/2
   306 | D        | Noticed a scorpion
   315 | D        | Killed a scorpion
   316 | D        | Reached skill level 7 in Axes
   316 | D        | Reached XP level 4. HP: 40/47 MP: 3/3
   433 | D        | Gained mutation: You are strong-willed. (Will+) [potion of
                  | mutation]
   433 | D        | Gained mutation: Your spells are a little easier to cast,
                  | but a little less powerful. [potion of mutation]
   438 | D        | Noticed a water elemental
   443 | D        | Killed a water elemental
   443 | D        | Reached *** piety under Trog
   444 | D        | Reached skill level 8 in Axes
   444 | D        | Reached XP level 5. HP: 49/56 MP: 4/4
   561 | D        | Found a basalt altar of Yredelemnul.
   561 | D        | Found a shadowy altar of Dithmenos.
   561 | D        | Found a sacrificial altar of Ru.
   566 | D        | Reached skill level 9 in Axes
   566 | D        | Reached skill level 5 in Armour
   569 | D        | Reached skill level 5 in Dodging
   628 | D        | Found a hide-covered altar of Uskayaw.
   628 | D        | Found an iron altar of Okawaru.
   628 | D        | Found a bloodstained altar of Trog.
   628 | D        | Found an ornate altar of the Wu Jian Council.
   628 | D        | Noticed a human
   629 | D        | Noticed a human
   635 | D        | Killed a human
   636 | D        | Reached skill level 10 in Fighting
   636 | D        | Reached skill level 11 in Axes
   636 | D        | Reached skill level 1 in Stealth
   636 | D        | Reached XP level 6. HP: 67/67 MP: 5/5
   637 | D        | Killed a human
   637 | D        | Reached **** piety under Trog
   638 | D        | Reached XP level 7. HP: 74/74 MP: 6/6
   725 | D        | Found a glowing silver altar of Zin.
   725 | D        | Found a glowing golden altar of the Shining One.
   725 | D        | Found a white marble altar of Elyvilon.
   726 | D        | Noticed a deep elf pyromancer
   736 | D        | Killed a deep elf pyromancer
   737 | D        | Reached skill level 13 in Axes
   773 | D        | Reached XP level 8. HP: 71/86 MP: 7/7
   845 | D        | Reached ***** piety under Trog
   872 | D        | Noticed Jessica
   877 | D        | Killed Jessica
   947 | D        | Found a glowing silver altar of Zin.
   947 | D        | Found a glowing golden altar of the Shining One.
   947 | D        | Found a white marble altar of Elyvilon.
   948 | D        | Noticed a deep elf pyromancer
   951 | D        | Killed a deep elf pyromancer
   952 | D        | Reached skill level 14 in Axes
   962 | D        | Found a hide-covered altar of Uskayaw.
   962 | D        | Found an iron altar of Okawaru.
   962 | D        | Found a bloodstained altar of Trog.
   962 | D        | Found an ornate altar of the Wu Jian Council.
   971 | D        | Reached skill level 15 in Axes
  1050 | D        | Found a basalt altar of Yredelemnul.
  1050 | D        | Found a shadowy altar of Dithmenos.
  1050 | D        | Found a sacrificial altar of Ru.
  1054 | D        | Reached ****** piety under Trog
  1058 | D        | Received a gift from Trog
  1101 | D        | Found a radiant altar of Vehumet.
  1101 | D        | Found a shimmering blue altar of Sif Muna.
  1101 | D        | Found an ancient bone altar of Kikubaaqudgha.
  1200 | D        | Reached XP level 9. HP: 80/96 MP: 2/8
  1236 | D        | Found a blossoming altar of Fedhas.
  1236 | D        | Found a stormy altar of Qazlal.
  1236 | D        | Found a snail-covered altar of Cheibriados.
  1236 | D        | Found a burning altar of Makhleb.
  1236 | D        | Found a shimmering altar of Xom.
  1237 | D        | Found a hazy altar of Hepliaklqana.
  1237 | D        | Found an opulent altar of Gozag.
  1237 | D        | Found a sparkling altar of Nemelex Xobeh.
  1237 | D        | Found a corrupted altar of Lugonu.
  1237 | D        | Found a viscous altar of Jiyva.
  1243 | D        | Reached skill level 16 in Axes
  1272 | D        | Noticed Erica
  1282 | D        | Killed Erica
  1282 | D        | Received a gift from Trog
  1283 | D        | Reached skill level 15 in Fighting
  1483 | D        | Noticed a centaur warrior
  1487 | D        | Reached skill level 17 in Axes
  1489 | D        | Killed a centaur warrior
  1599 | D        | Killed an unseen horror
  1600 | D        | Reached skill level 10 in Dodging
  1600 | D        | Reached XP level 10. HP: 94/107 MP: 9/9
  1661 | D        | Received a gift from Trog
  1662 | D        | Reached skill level 18 in Axes
  1897 | D        | Received a gift from Trog
  1908 | D        | Received a gift from Trog
  1910 | D        | Reached skill level 19 in Axes
  1918 | D        | Received a gift from Trog
  1925 | D        | Received a gift from Trog
  2250 | D        | Noticed a cane toad
  2250 | D        | Noticed a cane toad
  2261 | D        | Killed a cane toad
  2262 | D        | Reached skill level 10 in Armour
  2268 | D        | Killed a cane toad
  2269 | D        | Reached skill level 20 in Axes
  2553 | D        | Received a gift from Trog
  2719 | D        | Noticed a lindwurm
  2725 | D        | Killed a lindwurm
  2726 | D        | Reached XP level 11. HP: 117/117 MP: 10/10
  2727 | D        | Reached skill level 21 in Axes
  2734 | D        | Noticed Urug
  2740 | D        | Killed Urug
  2891 | D        | Noticed a five-headed hydra
  2891 | D        | Noticed a four-headed hydra
  2899 | D        | Killed a three-headed hydra
  2899 | D        | Received a gift from Trog
  2901 | D        | Noticed a death drake
  2904 | D        | Killed a three-headed hydra
  2905 | D        | Reached skill level 22 in Axes
  2905 | D        | Reached skill level 1 in Throwing
  2908 | D        | Succumbed to something's dark miasma

Illustrated notes

Levels and vault maps discovered:
D:        dungeon_sprint_mu [sprint_mu_entry_cave, sprint_mu_temple_rooms,
          sprint_mu_d1_horrors, sprint_mu_d2_genie, sprint_mu_d3_branching,
          sprint_mu_orc_legion, sprint_mu_elf_gauntlet, sprint_mu_hive_nellie,
          sprint_mu_lair_fedhas, sprint_mu_vaults_butterflies,
          sprint_mu_slime_circle, sprint_mu_swamp_cave, sprint_mu_snake_twists,
          sprint_mu_blade_basic, sprint_mu_crypt_chambers,
          sprint_mu_tomb_spiral, sprint_mu_vestibule_basic,
          sprint_mu_gehenna_hellfire, sprint_mu_dis_giant,
          sprint_mu_tartarus_statrot, sprint_mu_cocytus_islands, sprint_mu_zot1]

Skill      XL: |  1  2  3  4  5  6  7  8  9 10 11 |
---------------+----------------------------------+-----
Fighting       | 5 7 8 10 11 13 14 16 17 18 | 18.0
Axes           | 5 7 8 11 13 15 17 20 22 | 22.0
Armour         | 3 4 5 6 7 8 10 11 | 11.1
Dodging        | 3 4 5 6 7 8 10 11 | 11.6
Stealth        | 1 2 3 4 |  4.4
Throwing       | 1 |  1.0
Evocations     | |  0.9

Action                   |  1- 3 |  4- 6 |  7- 9 | 10-12 || total
-------------------------+-------+-------+-------+-------++-------
Melee: Hand axe          |    13 |    17 |    50 |       ||    80
       Headbutt          |     4 |     3 |    14 |    14 ||    35
       Battleaxe         |       |       |    16 |       ||    16
       Executioner's axe |       |       |     9 |   103 ||   112
Throw: Javelin           |       |       |       |     4 ||     4
Invok: Berserk           |     2 |     3 |     4 |     3 ||    12
Evoke: Phantom mirror    |       |       |     1 |       ||     1
  Use: Potion            |       |     1 |     1 |       ||     2
       Scroll            |       |       |       |     3 ||     3
 Stab: Sleeping          |       |       |     1 |     1 ||     2
Armor: Animal skin       |     1 |       |       |       ||     1
       Ring mail         |       |       |    13 |    28 ||    41
Dodge: Dodged            |     6 |     5 |    36 |    81 ||   128

Table legend: (Time is in decaauts)
 A = Elapsed time spent in this place.
 B = Non-inter-level travel time spent in this place.
 C = Inter-level travel time spent in this place.
 D = Time resting spent in this place.
 E = Time spent auto-exploring this place.
 F = Levels seen in this place.
 G = Mean time per level.
                   A        B        C        D        E       F      G
               +--------+--------+--------+--------+--------+-----+--------+
         Total |   2984 |   2984 |      0 |   2161 |    205 |   1 | 2984.0 |
       Dungeon |   2984 |   2984 |      0 |   2161 |    205 |   1 | 2984.0 |
               +--------+--------+--------+--------+--------+-----+--------+

Top non-repeatable levels by time:
       D: 2984 daAuts
